 Dungeon Crawl Stone Soup version 0.22.0-6-g71bd7aa6b3 (webtiles) character file.

584 Jorund the Sneak (level 7, -1/33 HPs)
             Began as a Vine Stalker Enchanter on Aug 16, 2018.
             Killed by divine providence
             ... invoked by an orc priest
              (12 damage)
             ... on level 4 of the Dungeon.
             The game lasted 00:10:10 (3809 turns).

Jorund the Sneak (Vine Stalker Enchanter)           Turns: 3809, Time: 00:10:10

Health: -1/33      AC:  5    Str: 10    XL:     7   Next: 37%
Magic:  0/13       EV: 13    Int: 15    God:
Gold:   175        SH:  0    Dex: 21    Spells: 3/12 levels left

rFire    . . .     SeeInvis .   a - +2 dagger
rCold    + . .     Gourm    .   (no shield)
rNeg     . . .     Faith    .   b - +0 robe
rPois    .         Spirit   +   n - +0 helmet
rElec    .         Reflect  .   (no cloak)
rCorr    .         Harm     .   (no gloves)
MR       .....                  l - +1 pair of boots
Stlth    ++++......             (no amulet)
HPRegen  0.51/turn              i - +4 ring of dexterity
MPRegen  0.13/turn              j - ring of protection from cold

@: very slightly contaminated
A: fangs 2, regeneration 1, magic shield, antimagic bite, no potion heal 3, rot
immunity
a: no special abilities


You were on level 4 of the Dungeon.
You were hungry.

You visited 1 branch of the dungeon, and saw 4 of its levels.

You collected 175 gold pieces.

Inventory:

Hand Weapons
 a - a +2 dagger (weapon)
 e - a +0 blowgun
 m - a +1 dagger of holy wrath
Missiles
 c - 24 poisoned needles
 t - 5 curare-tipped needles
Armour
 b - a +0 robe (worn)
 l - a +1 pair of boots (worn)
 n - a +0 helmet (worn)
 q - a cursed +0 ring mail
 u - a +0 leather armour of positive energy
Jewellery
 i - a +4 ring of dexterity (left hand)
 j - a ring of protection from cold (right hand)
Scrolls
 f - 2 scrolls of enchant weapon
 k - 2 scrolls of remove curse
 p - 2 scrolls of magic mapping
 r - 2 scrolls of identify
Potions
 g - a potion of curing
 h - a potion of flight
 o - a potion of agility
 s - a potion of might
Comestibles
 d - 9 rations


   Skills:
 + Level 1.6 Fighting
 + Level 3.5 Short Blades
 - Level 2.4 Dodging
 + Level 6.9 Stealth
 + Level 3.4 Spellcasting
 + Level 3.8 Hexes


You had 3 spell levels left.
You knew the following spells:

 Your Spells              Type           Power        Failure   Level  Hunger
a - Corona                Hex            ##.....      4%          1    None
b - Ensorcelled Hibernat  Hex/Ice        #.....       13%         2    ##.....
c - Confuse               Hex            ##......     12%         3    ###....
d - Tukima's Dance        Hex            ##......     12%         3    ###....

Your spell library contained the following spells:

 Spells                   Type           Power        Failure   Level  Hunger
 Dazzling Spray           Conj/Hex       #.....       26%         3    ###....


Dungeon Overview and Level Annotations

Branches:
Dungeon (4/15)
 Temple: D:4-7

Altars:
Trog
Yredelemnul
Zin

Shops:
D:3 *


Innate Abilities, Weirdness & Mutations

You have extremely sharp teeth.
Your natural rate of healing is unusually fast.
When hurt, damage is shared between your health and your magic reserves.
Your bite disrupts and absorbs the magic of your enemies.
Potions cannot restore your health.
You are immune to rotting.


Message History

The orc wizard looks drowsy...
The helpless orc wizard fails to defend itself.
You spit the orc wizard like a pig!!!
You kill the orc wizard!
Casting: Ensorcelled Hibernation (safe; 13% risk of failure)
Confirm with . or Enter, or press ? or * to list all spells.
Aiming: Ensorcelled Hibernation (safe; 13% risk of failure)
Press: ? - help, Shift-Dir - straight line, f - orc priest
Aim: an orc priest, wielding a flail (chance to defeat MR: 39%)
The orc priest resists with some effort.
You hit the orc.
The orc is moderately wounded.
The orc closely misses you.
You hit the orc but do no damage. Your bite misses the orc.
The orc is moderately wounded.
The orc hits you with a mace!
Okay, then.
The orc priest calls down the wrath of Beogh upon you.
Beogh smites you!
You die...

....... ... .#.....#.##...
.#..#..#.##...
#.#..#.........
#.#..#..#.##... ..
........#.##... ...
..#>.%.........
#..##.#######†##.#.........
#......oo)@...##.#..#.##...
..##.#.####...............
........)..##.#..#.##...
#.#.####..##.#..#.##...
#..##......................
#..##<#..##................
#..#.....##...##....#.##..#
##..####..##...##....#.##..#
#...........................


You could see an orc priest and an orc.

Vanquished Creatures
  Sigmund (D:2)
  An ogre (D:4)
  A howler monkey (D:4)
  4 orc wizards (D:4)
  A worker ant (D:4)
  2 gnolls (D:4)
  7 adders
  An adder skeleton (D:4)
  3 worms
  4 dart slugs
  5 leopard geckos
  8 orcs
  3 giant cockroaches
  8 goblins
  10 hobgoblins
  8 jackals
  2 quokkas (D:3)
  8 bats
  5 frilled lizards
  10 kobolds
  2 rats
94 creatures vanquished.

Notes
Turn   | Place    | Note
-------+----------+-------------------------------------------
     0 | D:1      | Jorund the Vine Stalker Enchanter began the quest for the Orb.
     0 | D:1      | Reached XP level 1. HP: 9/9 MP: 4/4
    26 | D:1      | Reached skill level 1 in Short Blades
   303 | D:1      | Reached XP level 2. HP: 8/13 MP: 3/6
   663 | D:1      | Reached skill level 4 in Stealth
   872 | D:1      | Reached XP level 3. HP: 6/16 MP: 3/7
  1157 | D:2      | Learned a level 2 spell: Ensorcelled Hibernation
  1286 | D:2      | Learned a level 3 spell: Confuse
  1623 | D:2      | Noticed Sigmund
  1660 | D:2      | Killed Sigmund
  1660 | D:2      | Reached skill level 5 in Stealth
  1660 | D:2      | Gained mutation: Your natural rate of healing is unusually fast. [Vine Stalker growth]
  1660 | D:2      | Reached XP level 4. HP: 10/21 MP: 0/9
  1660 | D:2      | Reached XP level 5. HP: 12/25 MP: 0/10
  2178 | D:2      | Found a bloodstained altar of Trog.
  2357 | D:3      | Reached XP level 6. HP: 28/29 MP: 11/11
  2392 | D:3      | Found Zin's Purification Station.
  2392 | D:3      | Found a glowing silver altar of Zin.
  2415 | D:3      | Reached skill level 1 in Fighting
  2479 | D:3      | Found a bloodstained altar of Trog.
  2655 | D:3      | Found a basalt altar of Yredelemnul.
  3264 | D:4      | Reached skill level 6 in Stealth
  3272 | D:4      | Learned a level 3 spell: Tukima's Dance
  3411 | D:4      | Reached XP level 7. HP: 16/33 MP: 2/12
  3809 | D:4      | Killed from afar by an orc priest

Skill      XL: |  1  2  3  4  5  6 |
---------------+-------------------+-----
Short Blades   | 1 2 3 |  3.5
Stealth        | 4 5 6 |  6.9
Dodging        | 2 |  2.4
Spellcasting   | 3 |  3.4
Fighting       | 1 |  1.6
Hexes          | |  3.8

Action                   |  1- 3 |  4- 6 |  7- 9 || total
-------------------------+-------+-------+-------++-------
Melee: Dagger            |    92 |   132 |    70 ||   294
       Bite              |    22 |    34 |    18 ||    74
 Cast: Corona            |     6 |       |       ||     6
       Ensorcelled Hiber |     1 |     5 |     8 ||    14
       Confuse           |     1 |     1 |     1 ||     3
  Use: Scroll            |     6 |     7 |       ||    13
 Stab: Sleeping          |     7 |    18 |     2 ||    27
       Confused          |       |     1 |       ||     1
  Eat: Chunk             |     2 |     6 |     2 ||    10
Armor: Robe              |    15 |    25 |    19 ||    59
Dodge: Dodged            |    60 |    69 |    34 ||   163
